 Dungeon Crawl Stone Soup version 0.28-a0-655-g4eb62b627b (webtiles) character file.

Game seed: 8629904705433646659

356 cheechan the Magician (level 6, 0/55 HPs)
             Began as an Octopode Hedge Wizard on Oct 12, 2021.
             Succumbed to an orc's poison
             ... on level 4 of the Dungeon.
             The game lasted 00:14:29 (3164 turns).

cheechan the Magician (Octopode Hedge Wizard)       Turns: 3164, Time: 00:14:30

Health: 0/55       AC:  3    Str:  9    XL:     6   Next: 63%
Magic:  12/12      EV: 13    Int: 18    God:
Gold:   142        SH:  0    Dex: 12    Spells: 7/14 levels left

rFire   . . .      SeeInvis .   g - +3 hand axe
rCold   . . .      Faith    .   (no shield)
rNeg    . . .      Spirit   .   b - +2 hat
rPois   .          Reflect  .   c - amulet of magic regeneration
rElec   .          Harm     .   (no ring)
rCorr   .          Rampage  .   (no ring)
Will    .....                   (no ring)
Stlth   ..........              (no ring)
HPRegen 0.18/turn               (no ring)
MPRegen 0.38/turn               (no ring)
                                (no ring)
                                (no ring)

@: berserking, lethally poisoned (0 -> -11), flying, very quick
A: almost no armour, amphibious, 8 rings, camouflage 1, gelatinous body 1,
(nimble swimmer 1), tentacles
a: no special abilities


You were on level 4 of the Dungeon.
You visited 1 branch of the dungeon, and saw 4 of its levels.

You collected 142 gold pieces.

Inventory:

Hand Weapons
 a - a +0 dagger
 g - a +3 hand axe (weapon)
 j - a +1 dagger of venom
 p - a +0 scythe
 r - a +0 hunting sling
Missiles
 e - 78 stones
 i - 29 bolts
 k - 11 arrows
 l - 7 poisoned darts (quivered)
Armour
 b - a +2 hat (worn)
 m - a scarf of invisibility
Jewellery
 c - an amulet of magic regeneration (around mantle)
Potions
 d - a potion of degeneration {unknown}
 f - a potion of flight
 h - a potion of haste {unknown}
 n - a potion of curing {unknown}
 o - a potion of berserk rage
 q - a potion of attraction {unknown}


   Skills:
 + Level 0.9 Fighting
 + Level 2.3 Axes
 + Level 3.1 Dodging
 + Level 3.9 Stealth
 + Level 4.5 Spellcasting
 + Level 2.6 Conjurations
 + Level 0.1 Hexes
 + Level 1.6 Summonings
 + Level 1.0 Translocations


You had 7 spell levels left.
You knew the following spells:

 Your Spells              Type           Power      Damage    Failure   Level
a - Magic Dart            Conj           52%        1d5       4%          1
b - Blink                 Tloc           N/A        N/A       14%         2
c - Call Imp              Summ           9%         N/A       11%         2
d - Slow                  Hex            4%         N/A       21%         2

Your spell library contained the following spells:

 Spells                   Type           Power      Damage    Failure   Level
 Conjure Flame            Conj/Fire      8%         6-21      24%         3
 Mephitic Cloud           Conj/Pois/Air  7%         N/A       28%         3


Dungeon Overview and Level Annotations

Branches:
Dungeon (4/15)
 Temple: D:4-7

Altars:
Cheibriados


Innate Abilities, Weirdness & Mutations

You cannot wear most types of armour.
You are amphibious.
You can wear up to eight rings at the same time.
Your skin changes colour to match your surroundings (Stealth+).
Your rubbery body absorbs attacks. (AC +1, EV +1)
((You are camouflaged near water. (Stealth+)))
You have tentacles for arms and can constrict up to eight enemies at once.


Message History

You squeeze the orc wizard, but do no damage.
The orc wizard is heavily wounded.
The orc wizard hits you with a +2 dagger of holy wrath.
You hit the orc wizard but do no damage.
You grab the orc wizard.
The orc wizard is moderately wounded.
You constrict the orc wizard, but do no damage.
An orc comes into view. It is wielding a +0 hand axe.
The orc wizard closely misses you.
You barely miss the orc wizard.
The orc wizard is moderately wounded.
You constrict the orc wizard. The orc wizard barely misses you.
You hit the orc wizard.
The orc wizard is almost dead.
You constrict the orc wizard.
You kill the orc wizard!
The orc hits you with a +0 hand axe.
You slash the orc!
You kill the orc!
The orc hits you with a +1 dagger of venom.
You are poisoned.
You hit the orc. Your grab misses the orc.
The orc is heavily wounded.
You feel sick. The orc closely misses you.
You barely miss the orc. You grab the orc. Your squeeze misses the orc.
The orc is heavily wounded.
You constrict the orc.
You feel sick.
The orc hits you with a +1 dagger of venom.
* * * LOW HITPOINT WARNING * * *
You are more poisoned.
It was a potion of flight.
You feel very buoyant.
You fly up into the air.
You constrict the orc.
You kill the orc!
* * * LOW HITPOINT WARNING * * *
You feel very sick.
It was a potion of berserk rage.
A red film seems to cover your vision as you go berserk!
You feel yourself moving faster!
You feel mighty!
You die...

...$.............#
...........).##.##
#..............#
##..............#####
#....................
.##$......#.........
####.).##.........
####)####...[.....
#.)@.# #.........
#.##.# #......... #..
#<# #[........ #.#
#.# #......... #. #.#
#. #.. . ### .


There were no monsters in sight!

Vanquished Creatures
  Sigmund (D:3)
  An orc priest (D:3)
  2 orc wizards (D:4)
  4 adders (D:2)
  3 dart slugs
  8 orcs
  7 ball pythons
  3 bats (D:1)
  2 endoplasms
  2 giant cockroaches
  5 goblins
  6 hobgoblins
  5 kobolds
  3 quokkas
  6 frilled lizards
  7 rats
65 creatures vanquished.

Vanquished Creatures (collateral kills)
  A worm (D:2)
  2 jackals (D:2)
  A rat (D:2)
4 creatures vanquished.

Grand Total: 69 creatures vanquished

Notes
Turn   | Place    | Note
-------+----------+-------------------------------------------
     0 | D:1      | cheechan the Octopode Hedge Wizard began the quest for the
                  | Orb.
     0 | D:1      | Reached XP level 1. HP: 11/11 MP: 4/4
    91 | D:1      | Reached XP level 2. HP: 15/17 MP: 0/6
   101 | D:1      | Learned a level 2 spell: Blink
   104 | D:1      | Learned a level 2 spell: Call Imp
   107 | D:1      | Learned a level 2 spell: Slow
   726 | D:1      | Reached XP level 3. HP: 21/21 MP: 5/8
   913 | D:2      | Found a faded altar of an unknown god.
  1845 | D:2      | Reached XP level 4. HP: 27/27 MP: 9/9
  1942 | D:2      | Reached skill level 4 in Spellcasting
  1946 | D:2      | Found a snail-covered altar of Cheibriados.
  2499 | D:3      | Noticed Sigmund
  2518 | D:3      | Killed Sigmund
  2519 | D:3      | Reached XP level 5. HP: 24/32 MP: 2/11
  2519 | D:3      | Reached XP level 6. HP: 28/37 MP: 2/12
  3163 | D:4      | HP: 1/37 [poisoned by an orc]
  3164 | D:4      | Succumbed to an orc's poison

Illustrated notes

Levels and vault maps discovered:
D:1:      minmay_arrival_pointy, layout_basic
D:2:      layout_basic, hellmonk_ecumenical_altar_heavens_door, basic_altar
D:3:      layout_loops_cross, uniq_sigmund
D:4:      layout_rooms, minmay_mini_jars, uniq_robin

Skill      XL: |  1  2  3  4  5  6 |
---------------+-------------------+-----
Stealth        | 3 |  3.9
Spellcasting   | 4 |  4.5
Axes           | 2 |  2.3
Conjurations   | 2 |  2.6
Dodging        | 3 |  3.1
Fighting       | |  0.9
Hexes          | |  0.1
Summonings     | |  1.6
Translocations | |  1.0

Action                   |  1- 3 |  4- 6 || total
-------------------------+-------+-------++-------
Melee: Dagger            |    12 |       ||    12
       Constrict         |     7 |    15 ||    22
       Tentacles         |     2 |     9 ||    11
       Hand axe          |    11 |    53 ||    64
 Cast: Magic Dart        |    55 |    53 ||   108
       Call Imp          |     4 |     2 ||     6
       Slow              |       |     1 ||     1
       Blink             |       |     4 ||     4
  Use: Scroll            |     3 |     2 ||     5
       Potion            |       |     2 ||     2
 Stab: Sleeping          |     2 |     1 ||     3
Armor: Skin              |     5 |     7 ||    12
Dodge: Dodged            |    38 |    28 ||    66

Table legend: (Time is in decaauts)
 A = Elapsed time spent in this place.
 B = Non-inter-level travel time spent in this place.
 C = Inter-level travel time spent in this place.
 D = Time resting spent in this place.
 E = Time spent auto-exploring this place.
 F = Levels seen in this place.
 G = Mean time per level.
                   A        B        C        D        E       F      G
               +--------+--------+--------+--------+--------+-----+--------+
         Total |   3177 |   3177 |      0 |    593 |      0 |   4 |  794.2 |
       Dungeon |   3177 |   3177 |      0 |    593 |      0 |   4 |  794.2 |
               +--------+--------+--------+--------+--------+-----+--------+

Top non-repeatable levels by time:
     D:2: 1483 daAuts
     D:1: 913 daAuts
     D:3: 664 daAuts
     D:4: 116 daAuts
